Map: Frozen Temple

Players

PsychO

  • Race: Zerg Zerg
  • League: Grandmaster

Pokebunny - Winner!

  • Race: Terran Terran
  • League: Grandmaster

VOD

Have the link to the VOD?

Description

Time

  • Played on: April 5, 2016, 11 p.m.
  • Length: 8:31
Show
View Real Time Build Order
Export as new Build Order

PsychO Zerg 

Build Orders: Hatch First 

Get SALT Encoding   

  12  0:01  Drone  
  13  0:14  Overlord  
  13  0:19  Drone  
  14  0:21  Extractor  
  14  0:23  Drone  
  15  0:33  Drone  
  16  0:37  Drone  
  17  0:56  Hatchery  
  16  0:58  Extractor  
  16  0:59  Drone  
  16  1:02  Drone  
  17  1:17  Spawning Pool  
  16  1:21  Drone  
  16  1:23  Drone  
  18  1:31  Drone  
  19  1:40  Overlord  
  19  1:52  Drone  
  20  2:03  Queen, Metabolic Boost  
  20  2:04  Zergling x2  
  23  2:09  Queen  
  23  2:12  Zergling x2  
  26  2:17  Zergling x2  
  26  2:20  Zergling x2  
  28  2:27  Drone  
  28  2:44  Drone x2  
  28  2:47  Queen  
  32  2:56  Overlord  
  32  2:57  Drone x3  
  35  3:06  Zergling x2  
  35  3:08  Overlord  
  36  3:15  Zergling x2  
  37  3:20  Drone x5  
  43  3:27  Drone x3  
  45  3:35  Zergling x2  
  45  3:37  Drone  
  46  3:49  Drone x2  
  46  3:50  Drone x2  
  46  3:52  Hatchery  
  48  3:59  Zergling x6  
  50  4:04  Roach Warren  
  50  4:07  Extractor  
  50  4:08  Extractor  
  50  4:09  Extractor  
  46  4:13  Lair  
  46  4:18  Drone x4  
  46  4:24  Overlord  
  50  4:25  Overlord  
  50  4:31  Overlord  
  50  4:35  Zergling x4  
  51  4:41  Overlord  
  51  4:44  Drone  
  51  4:45  Zergling x6  
  55  4:51  Drone  
  56  4:55  Drone  
  57  5:00  Drone x2  
  57  5:01  Drone x2  
  61  5:07  Drone x2  
  61  5:13  Spire  
  62  5:14  Roach x2  
  62  5:18  Roach  
  62  5:19  Roach  
  62  5:21  Overseer  
  70  5:27  Roach  
  70  5:28  Roach  
  74  5:34  Roach x3  
  65  5:48  Roach x2, Zergling x2  
  46  5:57  Zergling x10  
  46  6:01  Zergling x6  
  46  6:04  Zergling x2  
  46  6:08  Zergling x4  
  47  6:14  Zergling x4  
  44  6:20  Zergling x2  
  44  6:21  Zergling x4  
  44  6:36  Roach x4  
  52  6:44  Zergling x4  
  52  6:45  Zergling x2  
  54  6:50  Drone  
  55  6:57  Roach  
  55  6:58  Roach x2  
  55  7:01  Glial Reconstitution  
  61  7:10  Roach x2  
  61  7:11  Roach  
  61  7:12  Ravager x3  
  70  7:20  Roach x2  
  71  7:31  Roach x4  
  65  7:40  Roach x3  
  56  7:49  Roach, Zergling x6  
  59  7:55  Zergling x2, Drone  
  59  7:56  Zergling x4  
  48  8:06  Zergling x4  
  48  8:07  Zergling x6  
Show
View Real Time Build Order
Export as new Build Order

Pokebunny Terran - Winner!

Build Orders: Reaper Expand, MMM Bio 

Get SALT Encoding   

  12  0:01  SCV  
  13  0:13  SCV  
  14  0:17  Supply Depot  
  14  0:25  SCV  
  15  0:39  SCV  
  15  0:41  Barracks  
  16  0:44  Refinery  
  16  0:51  SCV  
  17  1:03  SCV  
  18  1:15  SCV  
  19  1:28  Orbital Command, Reaper  
  20  1:40  Command Center  
  20  1:53  Supply Depot  
  20  1:54  SCV  
  22  2:06  Barracks Reactor  
  22  2:07  Barracks  
  21  2:09  SCV  
  22  2:16  Barracks  
  22  2:21  SCV  
  23  2:34  SCV  
  23  2:35  Refinery  
  24  2:46  Marine  
  24  2:47  Marine  
  24  2:48  SCV  
  24  2:50  Factory  
  27  2:56  Barracks Tech Lab  
  27  2:59  Orbital Command  
  27  3:04  Marine x2  
  27  3:05  Marine  
  29  3:08  SCV  
  31  3:21  Marine  
  31  3:22  Marine, Stimpack  
  31  3:26  SCV x2  
  35  3:28  Marine  
  35  3:29  Marine  
  37  3:36  Starport  
  37  3:38  SCV x2  
  37  3:39  Marine  
  40  3:47  Supply Depot  
  40  3:48  Factory Reactor  
  39  3:58  Marine x3  
  42  4:06  SCV x2  
  44  4:14  Supply Depot  
  44  4:20  SCV x2  
  44  4:21  Marine x2  
  44  4:22  Marine  
  49  4:28  Medivac  
  49  4:30  Medivac  
  53  4:36  SCV x2  
  53  4:37  Marine  
  56  4:38  Factory Tech Lab  
  56  4:44  Marine x3  
  59  4:51  Supply Depot  
  59  4:57  SCV x2  
  59  4:58  Supply Depot  
  61  5:00  Marine  
  62  5:12  Marine x2  
  65  5:15  Command Center  
  65  5:17  Marine  
  65  5:20  Siege Tank  
  69  5:23  Barracks Reactor  
  69  5:24  Combat Shields  
  63  5:50  Marine x3  
  65  6:04  Marine x2  
  65  6:07  Marine  
  65  6:08  Marine  
  65  6:10  Barracks, Engineering Bay  
  69  6:11  Barracks, Engineering Bay  
  69  6:14  SCV x2  
  69  6:16  Refinery  
  69  6:17  Refinery  
  69  6:26  SCV x2  
  69  6:29  Medivac  
  69  6:30  Siege Tank, Medivac  
  69  6:32  Orbital Command  
  78  6:46  SCV x2  
  80  6:50  Marine x2  
  80  6:51  Marine x3  
  85  6:58  Supply Depot  
  85  7:05  Barracks Reactor x2  
  85  7:07  SCV x2  
  88  7:11  Orbital Command  
  87  7:26  Medivac  
  78  7:41  Medivac  
  78  7:43  Marine x4  
  78  7:44  Marine x4  
  81  7:47  Supply Depot  
  81  7:48  Supply Depot  
  85  7:57  Siege Tank, Marine  
  89  7:59  SCV x2  
  89  8:00  SCV  
  89  8:01  Marine x5  
  94  8:08  Marine x3  
  94  8:12  Supply Depot  
  101  8:13  Supply Depot, SCV x2  
Tags
 
Add a new tag
Caveats
  • Supply blocks, unpowered buildings, or Contaminate may cause inaccurate times.
  • Supply counts are checked every 10 seconds.